 Dungeon Crawl Stone Soup version 0.24.0-123-gd5b16e6ec5 (webtiles) character file.

Game seed: 7272353117816109398, levelgen mode: deterministic

53 Curus the Chopper (level 3, 0/31 HPs)
             Began as a Minotaur Fighter on Jan 10, 2020.
             Slain by a gnoll
             ... wielding a +0 flail
              (5 damage)
             ... on level 1 of the Dungeon.
             The game lasted 00:04:45 (878 turns).

Curus the Chopper (Minotaur Fighter)                 Turns: 878, Time: 00:04:46

Health: 0/31       AC:  9    Str: 20    XL:     3   Next: 62%
Magic:  2/2        EV:  5    Int:  6    God:
Gold:   61         SH: 10    Dex:  9    Spells: 2/2 levels left

rFire    . . .     SeeInvis .   a - +0 war axe
rCold    . . .     Gourm    .   c - +1 shield
rNeg     . . .     Faith    .   g - +0 chain mail
rPois    .         Spirit   .   (helmet restricted)
rElec    .         Reflect  .   (no cloak)
rCorr    .         Harm     .   (no gloves)
MR       +....                  (no boots)
Stlth    ..........             (no amulet)
HPRegen  0.10/turn              e - ring of protection from magic
MPRegen  0.08/turn              (no ring)

@: no status effects
A: retaliatory headbutt, horns 2
a: no special abilities


You were on level 1 of the Dungeon.
You were not hungry.

You visited 1 branch of the dungeon, and saw 2 of its levels.

You collected 61 gold pieces.

Inventory:

Hand Weapons
 a - a +0 war axe (weapon)
Armour
 b - a +0 scale mail
 c - a +1 shield (worn)
 g - a +0 chain mail (worn)
Jewellery
 e - a ring of protection from magic (left hand)
Scrolls
 h - a scroll of remove curse
Potions
 d - a potion of might
 i - a potion of ambrosia
Comestibles
 f - 4 rations


   Skills:
 - Level 3.6 Fighting
 + Level 4.9 Axes
 - Level 3.6 Armour
 - Level 3.6 Shields


You had 2 spell levels left.
You didn't know any spells.
Your spell library was empty.

Dungeon Overview and Level Annotations

Branches:
Dungeon (2/15)

Altars:
Elyvilon
Vehumet


Innate Abilities, Weirdness & Mutations

You reflexively headbutt those who attack you in melee.
You have a pair of horns on your head.


Message History

You kill the gnoll!
You barely miss the gnoll. The gnoll hits you with a +0 flail.
* * * LOW HITPOINT WARNING * * *
Your chain mail prevents you from hitting the gnoll.
Your headbutt misses the gnoll. The gnoll hits you with a +0 flail.
* * * LOW HITPOINT WARNING * * *
You closely miss the gnoll. You headbutt the gnoll.
The gnoll is heavily wounded.
The gnoll barely misses you.
The giant cockroach waves its antennae.
The giant cockroach waves its antennae.
The giant cockroach waves its antennae.
There is a stone staircase leading up here.
You block the gnoll's attack.
You climb upwards.
There is a stone staircase leading down here.
You hit the gnoll but do no damage.
The gnoll is heavily wounded.
The gnoll hits you with a +0 flail.
You die...

#.........####.
#.........# ##
##........## #
##..........#
#####...........#
#.....#.........##
#..(..###.##.....###
#...g.....##.......##
#...@.#####..........
#.....# ##..≈.....#.
####### ##..≈⌠≈.#....
##...≈.≈..#...
#..........##.
#..........##.
#..........###
#..........# #
#..........###


You could see a gnoll.

Vanquished Creatures
  2 gnolls (D:2)
  2 leopard geckos (D:1)
  A giant cockroach (D:1)
  3 goblins
  3 hobgoblins (D:1)
  7 jackals
  3 kobolds (D:1)
  A ball python (D:1)
  2 bats (D:1)
  A frilled lizard (D:1)
  4 rats (D:1)
29 creatures vanquished.

Notes
Turn   | Place    | Note
-------+----------+-------------------------------------------
     0 | D:1      | Curus the Minotaur Fighter began the quest for the Orb.
     0 | D:1      | Reached XP level 1. HP: 19/19 MP: 0/0
    12 | D:1      | Reached skill level 3 in Axes
    52 | D:1      | Reached XP level 2. HP: 17/26 MP: 1/1
   456 | D:1      | Reached skill level 4 in Axes
   756 | D:2      | Found a white marble altar of Elyvilon.
   756 | D:2      | Found a radiant altar of Vehumet.
   765 | D:2      | Reached XP level 3. HP: 31/31 MP: 2/2
   878 | D:1      | Slain by a gnoll

Levels and vault maps discovered:
D:1:      minmay_arrival_nine_rooms, layout_rooms, corexii_leaking_fountain,
          minmay_misc_feat_square, st_stairs_1
D:2:      layout_loops_ring, nicolae_overflow_hidden_temple,
          lemuel_doored_altar, first_ration

Skill      XL: |  1  2 |
---------------+-------+-----
Axes           | 3 4 |  4.9
Fighting       | |  3.6
Armour         | |  3.6
Shields        | |  3.6

Action                   || total
-------------------------++-------
Melee: War axe           ||    85
       Headbutt          ||     9
  Use: Scroll            ||     5
       Potion            ||     3
Armor: Scale mail        ||    15
       Chain mail        ||    20
Dodge: Dodged            ||    25
Block: Shield            ||    46
